 Dungeon Crawl Stone Soup version 0.30-a0-122-g2a1322497e (webtiles) character file.

Game seed: 4978270447582525282

928 ragingrage the Spear-Bearer (level 7, -1/52 HPs)
             Began as a Demonspawn Fighter on Sept 15, 2022.
             Succumbed to a water moccasin's poison
             ... on level 7 of the Dungeon.
             The game lasted 00:03:32 (5863 turns).

ragingrage the Spear-Bearer (Demonspawn Fighter)    Turns: 5863, Time: 00:03:32

Health: -1/52      AC:  6    Str: 19    XL:     7   Next: 85%
Magic:  7/7        EV: 10    Int: 15    God:
Gold:   398        SH:  4    Dex: 12    Spells: 6/6 levels left

rFire   . . .      SeeInvis .    a - +0 trident
rCold   . . .      Faith    .    c - +0 buckler
rNeg    . . .      Spirit   .    z - +2 ring mail {Will+}
rPois   .          Reflect  .    (helmet restricted)
rElec   .          Harm     .    (no cloak)
rCorr   .          Rampage  .    (no gloves)
Will    +....                    u - +0 pair of boots
Stlth   +.........               (no amulet)
HPRegen 0.17/turn                v - +6 ring of intelligence
MPRegen 0.10/turn                (no ring)

@: lethally poisoned (-1 -> -12), corroded
A: antennae 2, icy blue scales 1, foul stench 1, powered by pain 1
a: no special abilities


You were on level 7 of the Dungeon.
You visited 2 branches of the dungeon, and saw 8 of its levels.

You collected 398 gold pieces.

Inventory:

Hand Weapons
 a - a +0 trident (weapon)
Missiles
 l - 7 poisoned darts (quivered)
Armour
 c - a +0 buckler (worn)
 u - a +0 pair of boots (worn)
 z - a +2 ring mail of willpower (worn)
Jewellery
 v - a +6 ring of intelligence (left hand)
Scrolls
 b - a scroll of summoning {unknown}
 e - 2 scrolls of enchant armour {unknown}
 f - a scroll of fear {unknown}
 j - 2 scrolls of noise {unknown}
 m - 2 scrolls of blinking {unknown}
 n - 2 scrolls of poison {unknown}
 o - a scroll of enchant weapon {unknown}
 p - 2 scrolls of vulnerability {unknown}
 s - 3 scrolls of identify {unknown}
 w - a scroll of butterflies {unknown}
 y - a scroll of teleportation {unknown}
Potions
 d - 5 potions of might
 g - a potion of invisibility {unknown}
 h - 3 potions of mutation {unknown}
 i - 4 potions of ambrosia {unknown}
 k - 4 potions of curing {unknown}
 q - a potion of cancellation {unknown}
 r - 3 potions of lignification {unknown}
 t - a potion of flight {unknown}
 x - a potion of heal wounds {unknown}


   Skills:
 - Level 3.0 Fighting
 + Level 8.5 Polearms
 - Level 2.6 Armour
 - Level 2.6 Shields


You had 6 spell levels left.
You didn't know any spells.
Your spell library contained the following spells:

 Spells                   Type           Power      Damage    Failure   Level
 Apportation              Tloc           0%         N/A       52%         1
 Necrotise                Necr           0%         1d4       52%         1
 Slow                     Hex            0%         N/A       52%         1
 Summon Small Mammal      Summ           0%         N/A       52%         1
 Call Canine Familiar     Summ           0%         N/A       88%         3
 Confusing Touch          Hex            0%         N/A       88%         3
 Dazzling Flash           Conj/Hex       0%         N/A       88%         3
 Portal Projectile        Hex/Tloc       0%         N/A       88%         3
 Vampiric Draining        Necr           0%         2d6       88%         3
 Iskenderun's Mystic Bla  Conj/Tloc      0%         2d3       99%         4
 Leda's Liquefaction      Hex/Erth       0%         N/A       99%         4
 Fireball                 Conj/Fire      0%         3d3       100%        5
 Iskenderun's Battlesphe  Conj           0%         2d6       100%        5
 Conjure Ball Lightning   Conj/Air       0%         3x3d6     100%        6
 Starburst                Conj/Fire      0%         6d3       100%        6
 Orb of Destruction       Conj           0%         9d5       100%        7


Dungeon Overview and Level Annotations

Branches:
Dungeon (7/15)             Temple (1/1) D:5

Altars:
Cheibriados
Gozag
Hepliaklqana
Kikubaaqudgha
Makhleb
Nemelex Xobeh
Okawaru
Qazlal
Ru
Sif Muna
Trog
Vehumet
Wu Jian
Xom
Yredelemnul

Annotations:
D:6 Prince Ribbit, Sigmund


Innate Abilities, Weirdness & Mutations

You have a pair of antennae on your head.
You are partially covered in icy blue scales. (AC +2)
You may rarely emit foul miasma when damaged in melee.
You sometimes gain a little power by taking damage.


Message History

Unknown command.
A water moccasin is nearby!
A water moccasin is nearby!
Found 10 gold pieces.
The water moccasin closely misses you.
You hit the water moccasin but do no damage.
The water moccasin bites you but does no damage.
You barely miss the water moccasin.
The water moccasin bites you but does no damage.
The water moccasin misses you.
You puncture the water moccasin!
The water moccasin is moderately wounded.
The water moccasin bites you.
You are poisoned.
The water moccasin poisons you!
You hit the water moccasin.
The water moccasin is heavily wounded.
You feel very sick. The water moccasin barely misses you.
You hit the water moccasin but do no damage.
The water moccasin is heavily wounded.
You feel very sick. The water moccasin bites you. x2
* * * LOW HITPOINT WARNING * * *
You are lethally poisoned!
The water moccasin poisons you!
You emit a cloud of foul miasma!
You puncture the water moccasin!
The water moccasin is severely wounded.
* * * LOW HITPOINT WARNING * * *
You feel very sick.
The water moccasin is engulfed in dark miasma.
The water moccasin seems to slow down.
The water moccasin bites you.
* * * LOW HITPOINT WARNING * * *
You hit the water moccasin.
You kill the water moccasin!
* * * LOW HITPOINT WARNING * * *
You feel very sick.
An orc warrior comes into view. It is wielding a +0 war axe.
* * * LOW HITPOINT WARNING * * *
You feel very sick.
You die...

# # # ##. .#
#.##.# .### #....#
...$. #<###..... .
######...# ..#
.o......ยง###.....
#######..@.......
.......###.....
######## ..# #


There were no monsters in sight!

Vanquished Creatures
  Menkaure (D:6)
  A water moccasin (D:7)
  An ogre (D:5)
  2 scorpions (D:4)
  3 vampire bats (D:3)
  2 hounds (D:5)
  A jelly (D:6)
  4 iguanas
  A mummy (D:5)
  Robin (D:2)
  5 gnolls
  4 adders
  An ufetubus (D:5)
  2 dart slugs
  A worm (D:2)
  3 orcs
  4 ball pythons
  3 bat skeletons (D:3)
  2 bat zombies (D:3)
  3 endoplasms
  2 giant cockroaches (D:4)
  9 goblins
  9 hobgoblins
  4 kobolds
  3 quokkas
  7 bats
  4 frilled lizards
  A hobgoblin zombie (D:5)
  An orc zombie (D:5)
  3 rats
88 creatures vanquished.

Notes
Turn   | Place    | Note
-------+----------+-------------------------------------------
     0 | D:1      | ragingrage the Demonspawn Fighter began the quest for the
                  | Orb.
     0 | D:1      | Reached XP level 1. HP: 18/18 MP: 1/1
    83 | D:1      | Reached skill level 2 in Polearms
   177 | D:1      | Gained mutation: You sometimes gain a little power by
                  | taking damage. [demonic ancestry]
   177 | D:1      | Reached XP level 2. HP: 23/24 MP: 2/2
   761 | D:1      | Reached skill level 3 in Polearms
   891 | D:1      | Gained mutation: You have a pair of small antennae on your
                  | head. [demonic ancestry]
   891 | D:1      | Reached XP level 3. HP: 11/29 MP: 3/3
  1391 | D:2      | Found a faded altar of an unknown god.
  1589 | D:2      | Noticed Robin
  1593 | D:2      | Killed Robin
  1594 | D:2      | Reached skill level 4 in Polearms
  1594 | D:2      | Gained mutation: You have a pair of antennae on your head.
                  | [demonic ancestry]
  1594 | D:2      | Reached XP level 4. HP: 33/35 MP: 4/4
  2236 | D:3      | Found a basalt altar of Yredelemnul.
  2363 | D:3      | Found a sparkling altar of Nemelex Xobeh.
  2615 | D:3      | Found an ancient bone altar of Kikubaaqudgha.
  2623 | D:3      | Reached skill level 5 in Polearms
  2623 | D:3      | Reached XP level 5. HP: 36/41 MP: 5/5
  2918 | D:4      | Found a bloodstained altar of Trog.
  2981 | D:4      | Gained mutation: You may rarely emit foul miasma when
                  | damaged in melee. [demonic ancestry]
  2981 | D:4      | Reached XP level 6. HP: 12/47 MP: 6/6
  3449 | D:4      | Reached skill level 6 in Polearms
  3541 | D:4      | Found an ornate altar of the Wu Jian Council.
  4019 | D:5      | Entered Level 5 of the Dungeon
  4105 | D:5      | Found a staircase to the Ecumenical Temple.
  4114 | Temple   | Entered the Ecumenical Temple
  5140 | D:5      | Reached skill level 7 in Polearms
  5154 | D:5      | Gained mutation: You are partially covered in icy blue
                  | scales. (AC +2) [demonic ancestry]
  5154 | D:5      | Reached XP level 7. HP: 50/52 MP: 7/7
  5747 | D:6      | Noticed Prince Ribbit
  5828 | D:6      | Noticed Menkaure
  5832 | D:6      | Noticed Sigmund
  5837 | D:6      | Killed Menkaure
  5838 | D:6      | Reached skill level 8 in Polearms
  5862 | D:7      | HP: 1/52 [poisoned by a water moccasin]
  5863 | D:7      | Succumbed to a water moccasin's poison

Illustrated notes

Levels and vault maps discovered:
D:1:      minmay_arrival_widening_spiral_wide, layout_basic
D:2:      layout_loops_ring, shapermc_ecumenical_altar_ellora,
          dk_noncrumbling_4, uniq_robin
D:3:      layout_loops_ring, kennysheep_vampire_church,
          nemelex_spade_bored_becter, amcnicky_altar_gilded
D:4:      layout_cave_pods, mainiacjoe_overflow_concentric_impassable,
          nicolae_wu_jian_immortal_techniques, nicolae_overflow_hidden_temple,
          grunt_ministairs_14, dk_noncrumbling_3
D:5:      layout_gridville, minmay_temple_entry_grid,
          nicolae_ossuary_entry_giza, minmay_hedge_maze,
          kennysheep_generic_room_15
D:6:      layout_rooms, gammafunk_ghost_hive, nicolae_shop_vocational,
          uniq_menkaure, uniq_sigmund, uniq_prince_ribbit1
D:7:      layout_loops_ring, kennysheep_nondescript, nicolae_stop_n_shop_1,
          uniq_crazy_yiuf_cottage
Temple:   minmay_freezing_vapour_temple

Skill      XL: |  1  2  3  4  5  6  7 |
---------------+----------------------+-----
Polearms       | 2 3 4 5 7 8 |  8.5
Fighting       | |  3.0
Armour         | |  2.6
Shields        | |  2.6

Action                   |  1- 3 |  4- 6 |  7- 9 || total
-------------------------+-------+-------+-------++-------
Melee: Trident           |   117 |   207 |    57 ||   381
Armor: Scale mail        |    50 |    90 |     4 ||   144
       Ring mail         |       |       |    10 ||    10
Dodge: Dodged            |    46 |   111 |    23 ||   180
Block: Buckler           |    26 |    57 |     9 ||    92

Table legend: (Time is in decaauts)
 A = Elapsed time spent in this place.
 B = Non-inter-level travel time spent in this place.
 C = Inter-level travel time spent in this place.
 D = Time resting spent in this place.
 E = Time spent auto-exploring this place.
 F = Levels seen in this place.
 G = Mean time per level.
                   A        B        C        D        E       F      G
               +--------+--------+--------+--------+--------+-----+--------+
         Total |   5896 |   5751 |    145 |   1145 |   3797 |   8 |  737.0 |
       Dungeon |   5433 |   5288 |    145 |    743 |   3797 |   7 |  776.1 |
        Temple |    462 |    462 |      0 |    402 |      0 |   1 |  462.0 |
               +--------+--------+--------+--------+--------+-----+--------+

Top non-repeatable levels by time:
     D:1: 1348 daAuts
     D:5: 1320 daAuts
     D:4: 1293 daAuts
     D:2: 754 daAuts
     D:3: 655 daAuts
  Temple: 462 daAuts
     D:6: 52 daAuts
     D:7: 9 daAuts
